AoeStats
← ssjpipe1

Arabian Desert

510255292Analyzed
1v1 RM · 3d ago on Sep 30, 2026· 36m 50s· 2 players
Game mode
Random Map
Map size
Tiny (2 player)
Population
200
Speed
Normal
Resources
Standard
Victory
Conquest
Starting age
Dark Age
Ending age
Imperial Age
RankedLock teamsTeams togetherTeam positionsShared explorationLock speedFull tech treeHidden civsTurbo modeCheats
Victory
Defeat
🇨🇱 Lithuanians · Chile
834
+16
🇦🇷 Portuguese · Argentina
836
-29
ssjpipe1
8:08 Loom
10:31 Feudal Age
18:30 Forging
21:36 Castle Age
20:52 Double-Bit Axe
21:25 Scale Barding Armor
20:45 Man-at-Arms
24:52 Long Swordsman
26:15 Gold Mining
27:16 Scale Mail Armor
27:48 Husbandry
32:37 Chain Mail Armor
32:22 Horse Collar
33:21 Wheelbarrow
33:02 Squires
34:19 Iron Casting
AnarcoEsnob
11:04 Feudal Age
9:21 Loom
12:41 Double-Bit Axe
14:15 Scale Mail Armor
15:39 Horse Collar
18:16 Wheelbarrow
23:43 Castle Age
23:31 Forging
24:38 Pikeman
25:27 Stone Mining
26:58 Bow Saw
27:29 Heavy Plow
32:13 Circumnavigation
Connection lost

Rejoining the realm…

Still unreachable

The connection could not be restored.

Session expired

The server has moved on; the page needs a fresh start.